TOP OF THE 1ST |
Augusta GreenJackets batting - Pitching for Dayton Dragons : LHP Mark Sandoval
|
Pitching: LHP Mark Sandoval
|
|
Batting: RHB Danny Gallo
|
0-0: Called Strike 0-1: Ball 1-1: Called Strike 1-2: Fly out, F6 (Popup, 6D, EV 69.4 MPH)
|
Batting: RHB Mike Buchanan
|
0-0: Called Strike 0-1: Ball 1-1: Ball 2-1: SINGLE (Groundball, 6MD, EV 104.4 MPH)
|
Batting: LHB Carey Horncole
|
0-0: Ball 1-0: Ball Mike Buchanan is caught stealing 2nd base 2-6 2-0: Called Strike 2-1: Called Strike 2-2: Ground out 6-3 (Groundball, 4MS, EV 68.1 MPH)
|
Top of the 1st over - 0 runs, 1 hit, 0 errors, 0 left on base; Augusta 0 - Dayton 0 |
BOTTOM OF THE 1ST |
Dayton Dragons batting - Pitching for Augusta GreenJackets : RHP Doug Kennie
|
Pitching: RHP Doug Kennie
|
|
Batting: LHB Nick Nino
|
0-0: Ball 1-0: Called Strike 1-1: Ball 2-1: Called Strike 2-2: Ball 3-2: Ground out 3-1 (Groundball, 34, EV 104.4 MPH)
|
Batting: LHB Leo Gomez
|
0-0: Foul Ball, location: 2F 0-1: Fly out, F5 (Line Drive, 5, EV 66.9 MPH)
|
Batting: SHB Kristian Kristensen
|
0-0: Ball 1-0: SINGLE (Groundball, 6D, EV 99.4 MPH)
|
Batting: LHB Chris Grunwald
|
0-0: Ball 1-0: Ball 2-0: Called Strike 2-1: Swinging Strike 2-2: Strikes out looking
|
Bottom of the 1st over - 0 runs, 1 hit, 0 errors, 1 left on base; Augusta 0 - Dayton 0 |
TOP OF THE 2ND |
Augusta GreenJackets batting - Pitching for Dayton Dragons : LHP Mark Sandoval
|
Batting: RHB Omar Jordan
|
0-0: Ball 1-0: SOLO HOME RUN (Flyball, 8RXD, EV 115.0 MPH), Distance : 469 ft
|
Batting: RHB Chris King
|
0-0: Called Strike 0-1: Ball 1-1: Ground out 6-3 (Groundball, 6, EV 80.0 MPH)
|
Batting: RHB Drew Duncan
|
0-0: Ball 1-0: Ball 2-0: Ball 3-0: Called Strike 3-1: Base on Balls
|
Batting: LHB Terry Ebersole
|
0-0: Ball 1-0: Ball 2-0: Fly out, F3 (Popup, 3SF, EV 73.8 MPH)
|
Batting: RHB Devin Lowery
|
0-0: Ball 1-0: Called Strike 1-1: Swinging Strike 1-2: Ball 2-2: Foul Ball, location: 2F 2-2: Ground out 2-3 (Groundball, 2L, EV 71.2 MPH)
|
Top of the 2nd over - 1 run, 1 hit, 0 errors, 1 left on base; Augusta 1 - Dayton 0 |
BOTTOM OF THE 2ND |
Dayton Dragons batting - Pitching for Augusta GreenJackets : RHP Doug Kennie
|
Batting: RHB John Galluzzo
|
0-0: Ball 1-0: Foul Ball, location: 2F 1-1: Ball 2-1: Ball 3-1: Base on Balls
|
Batting: RHB Bruno André
|
0-0: Ball 1-0: Ball 2-0: Fly out, F9 (Flyball, 9LS, EV 75.0 MPH)
|
Batting: RHB Ben Hinman
|
Balk! John Galluzzo to second 0-0: Called Strike 0-1: Ball 1-1: 2-RUN HOME RUN (Flyball, 8LXD, EV 106.9 MPH), Distance : 448 ft
|
Batting: RHB Jonathan Davis
|
0-0: Called Strike 0-1: Called Strike 0-2: Ball 1-2: SINGLE (Groundball, 4D, EV 94.4 MPH)
|
Batting: RHB Pat Grover
|
0-0: Ball 1-0: Called Strike 1-1: Called Strike 1-2: Strikes out swinging
|
Batting: LHB Nick Nino
|
0-0: Ball 1-0: Swinging Strike 1-1: Ball 2-1: SINGLE (Line Drive, 3D, EV 103.8 MPH) Jonathan Davis to second
|
Batting: LHB Leo Gomez
|
0-0: Swinging Strike 0-1: Swinging Strike 0-2: Ball 1-2: Foul Ball, location: 2F 1-2: Strikes out swinging
|
Bottom of the 2nd over - 2 runs, 3 hits, 0 errors, 2 left on base; Augusta 1 - Dayton 2 |
TOP OF THE 3RD |
Augusta GreenJackets batting - Pitching for Dayton Dragons : LHP Mark Sandoval
|
Batting: RHB Alfredo Lemus
|
0-0: Fly out, F5 (Popup, 56S, EV 79.4 MPH)
|
Batting: RHB Danny Gallo
|
0-0: Called Strike 0-1: Ball 1-1: Foul Ball, location: 2F 1-2: Strikes out swinging
|
Batting: RHB Mike Buchanan
|
0-0: Swinging Strike 0-1: Swinging Strike 0-2: Ball 1-2: Ball 2-2: Foul Ball, location: 2F 2-2: Strikes out looking
|
Top of the 3rd over - 0 runs, 0 hits, 0 errors, 0 left on base; Augusta 1 - Dayton 2 |
BOTTOM OF THE 3RD |
Dayton Dragons batting - Pitching for Augusta GreenJackets : RHP Doug Kennie
|
Batting: SHB Kristian Kristensen
|
0-0: Ball 1-0: DOUBLE (Line Drive, 78D, EV 102.5 MPH)
|
Batting: LHB Chris Grunwald
|
0-0: Called Strike 0-1: Called Strike 0-2: Ball 1-2: Foul Ball, location: 2F 1-2: Ball 2-2: SINGLE (Groundball, 3D, EV 98.8 MPH) Kristian Kristensen to third
|
Batting: RHB John Galluzzo
|
0-0: Ball Chris Grunwald steals 2nd base 1-0: Ball 2-0: Ground out 3-1 (Groundball, 34, EV 109.4 MPH) Kristian Kristensen scores Chris Grunwald to third
|
Batting: RHB Bruno André
|
0-0: Ball 1-0: Fly out, F3 (Popup, 34S, EV 72.5 MPH)
|
Batting: RHB Ben Hinman
|
0-0: Ground out 5-3 (Groundball, 25, EV 88.8 MPH)
|
Bottom of the 3rd over - 1 run, 2 hits, 0 errors, 1 left on base; Augusta 1 - Dayton 3 |
TOP OF THE 4TH |
Augusta GreenJackets batting - Pitching for Dayton Dragons : LHP Mark Sandoval
|
Batting: LHB Carey Horncole
|
0-0: Called Strike 0-1: Ball 1-1: Foul Ball, location: 2F 1-2: Ball 2-2: Ball 3-2: Strikes out swinging
|
Batting: RHB Omar Jordan
|
0-0: Ball 1-0: Ball 2-0: Called Strike 2-1: Foul Ball, location: 2F 2-2: Foul Ball, location: 2F 2-2: Strikes out swinging
|
Batting: RHB Chris King
|
0-0: Called Strike 0-1: Ball 1-1: SOLO HOME RUN (Flyball, 7D, EV 94.4 MPH), Distance : 357 ft
|
Batting: RHB Drew Duncan
|
0-0: Ball 1-0: Swinging Strike 1-1: Foul Ball, location: 2F 1-2: Strikes out swinging
|
Top of the 4th over - 1 run, 1 hit, 0 errors, 0 left on base; Augusta 2 - Dayton 3 |
BOTTOM OF THE 4TH |
Dayton Dragons batting - Pitching for Augusta GreenJackets : RHP Doug Kennie
|
Batting: RHB Jonathan Davis
|
0-0: Foul Ball, location: 2F 0-1: Ball 1-1: Ball 2-1: Ground out 4-3 (Groundball, 4, EV 88.8 MPH)
|
Batting: RHB Pat Grover
|
0-0: Foul Ball, location: 2F 0-1: Ground out 6-3 (Groundball, 6, EV 81.2 MPH)
|
DELAY
|
Rain delay of 61 minutes in the 4th inning.
|
Pitching: RHP Billy Scheer
|
|
Batting: LHB Nick Nino
|
0-0: Ball 1-0: Ball 2-0: Ball 3-0: Base on Balls
|
Batting: LHB Leo Gomez
|
0-0: Ball Nick Nino is caught stealing 2nd base 2-6
|
Bottom of the 4th over - 0 runs, 0 hits, 0 errors, 0 left on base; Augusta 2 - Dayton 3 |
TOP OF THE 5TH |
Augusta GreenJackets batting - Pitching for Dayton Dragons : LHP Mark Sandoval
|
Pitching: LHP Tim Ketcham
|
|
Batting: LHB Terry Ebersole
|
0-0: Called Strike 0-1: Ball 1-1: Foul Ball, location: 2F 1-2: Strikes out swinging
|
Batting: RHB Devin Lowery
|
0-0: Ball 1-0: Ground out 5-3 (Groundball, 5L, EV 104.4 MPH)
|
Batting: RHB Alfredo Lemus
|
0-0: Foul Ball, location: 2F 0-1: Foul Ball, location: 2F 0-2: Ball 1-2: Ball 2-2: Foul Ball, location: 2F 2-2: Fly out, F6 (Popup, 6, EV 65.0 MPH)
|
Top of the 5th over - 0 runs, 0 hits, 0 errors, 0 left on base; Augusta 2 - Dayton 3 |
BOTTOM OF THE 5TH |
Dayton Dragons batting - Pitching for Augusta GreenJackets : RHP Billy Scheer
|
Batting: LHB Leo Gomez
|
0-0: Ball 1-0: Fly out, F7 (Flyball, 78S, EV 90.0 MPH)
|
Batting: SHB Kristian Kristensen
|
0-0: Ball 1-0: Ball 2-0: Ball 3-0: Called Strike 3-1: Swinging Strike 3-2: Fly out, F9 (Line Drive, 9, EV 103.8 MPH)
|
Batting: LHB Chris Grunwald
|
0-0: Called Strike 0-1: Foul Ball, location: 2F 0-2: SOLO HOME RUN (Flyball, 78XD, EV 101.9 MPH), Distance : 397 ft
|
Batting: RHB John Galluzzo
|
0-0: Called Strike 0-1: Called Strike 0-2: Fly out, F6 (Flyball, 56D, EV 79.4 MPH)
|
Bottom of the 5th over - 1 run, 1 hit, 0 errors, 0 left on base; Augusta 2 - Dayton 4 |
TOP OF THE 6TH |
Augusta GreenJackets batting - Pitching for Dayton Dragons : LHP Tim Ketcham
|
Batting: RHB Danny Gallo
|
0-0: Ball 1-0: Called Strike 1-1: Ball 2-1: Foul Ball, location: 2F 2-2: Ball 3-2: Foul Ball, location: 2F 3-2: Base on Balls
|
Batting: RHB Mike Buchanan
|
0-0: Fielders Choice at 2nd, 4-6 (Groundball, 4, EV 84.4 MPH)
|
Batting: LHB Carey Horncole
|
0-0: Foul Ball, location: 2F 0-1: Ball 1-1: Swinging Strike 1-2: Ball Mike Buchanan steals 2nd base 2-2: Strikes out swinging
|
Batting: RHB Omar Jordan
|
0-0: SINGLE (Line Drive, 56D, EV 96.9 MPH) Mike Buchanan to third
|
Batting: RHB Chris King
|
0-0: Ball 1-0: Ball 2-0: Ball 3-0: Base on Balls Omar Jordan to second
|
Batting: RHB Drew Duncan
|
0-0: SINGLE (Flyball, 78S, EV 85.0 MPH) Mike Buchanan scores Omar Jordan to third Chris King to second Runner from 3rd tries for Home, throw by LF and OUT! 7-2
|
Top of the 6th over - 1 run, 2 hits, 0 errors, 2 left on base; Augusta 3 - Dayton 4 |
BOTTOM OF THE 6TH |
Dayton Dragons batting - Pitching for Augusta GreenJackets : RHP Billy Scheer
|
Batting: RHB Bruno André
|
0-0: Called Strike 0-1: Ball 1-1: DOUBLE (Flyball, 8RXD, EV 95.0 MPH)
|
Batting: RHB Ben Hinman
|
0-0: Called Strike 0-1: Called Strike 0-2: Ball 1-2: Strikes out swinging
|
Batting: RHB Jonathan Davis
|
0-0: Swinging Strike 0-1: Ball 1-1: Ball 2-1: Fly out, F9 (Flyball, 9LS, EV 96.2 MPH)
|
Pitching: RHP Ron Riley
|
|
Batting: RHB Pat Grover
|
0-0: Swinging Strike 0-1: Swinging Strike 0-2: Strikes out swinging
|
Bottom of the 6th over - 0 runs, 1 hit, 0 errors, 1 left on base; Augusta 3 - Dayton 4 |
TOP OF THE 7TH |
Augusta GreenJackets batting - Pitching for Dayton Dragons : LHP Tim Ketcham
|
Pitching: RHP Joe Green
|
|
Batting: LHB Terry Ebersole
|
0-0: SINGLE (Groundball, 4MD, EV 105.6 MPH)
|
Batting: RHB Devin Lowery
|
0-0: Called Strike 0-1: Ball 1-1: Foul Ball, location: 2F 1-2: Fielders Choice at 2nd, 1-6 (Groundball, 23, EV 61.9 MPH)
|
Batting: RHB Alfredo Lemus
|
0-0: Called Strike 0-1: Fly out, F8 (Flyball, 89D, EV 99.4 MPH)
|
Batting: RHB Danny Gallo
|
0-0: Ball Devin Lowery steals 2nd base 1-0: Foul Ball, location: 2F 1-1: Ball Wild Pitch! Devin Lowery to third 2-1: Ball 3-1: Base on Balls
|
Batting: RHB Mike Buchanan
|
0-0: Ball 1-0: Called Strike 1-1: Ground out 1-3 (Groundball, 13S, EV 63.1 MPH)
|
Top of the 7th over - 0 runs, 1 hit, 0 errors, 2 left on base; Augusta 3 - Dayton 4 |
BOTTOM OF THE 7TH |
Dayton Dragons batting - Pitching for Augusta GreenJackets : RHP Ron Riley
|
Batting: LHB Nick Nino
|
0-0: Ball 1-0: Foul Ball, location: 2F 1-1: Ball 2-1: Swinging Strike 2-2: Fly out, F7 (Flyball, 7S, EV 93.1 MPH)
|
Batting: LHB Leo Gomez
|
0-0: Foul Ball, location: 2F 0-1: Ball 1-1: Ball 2-1: Fly out, F8 (Flyball, 8LS, EV 90.0 MPH)
|
Batting: SHB Kristian Kristensen
|
0-0: Ball 1-0: Swinging Strike 1-1: Foul Ball, location: 2F 1-2: Ground out 5-3 (Groundball, 56, EV 98.8 MPH)
|
Bottom of the 7th over - 0 runs, 0 hits, 0 errors, 0 left on base; Augusta 3 - Dayton 4 |
TOP OF THE 8TH |
Augusta GreenJackets batting - Pitching for Dayton Dragons : RHP Joe Green
|
Pitching: RHP Adam McCurdy
|
|
Batting: LHB Carey Horncole
|
0-0: Called Strike 0-1: Ball 1-1: Swinging Strike 1-2: Strikes out swinging
|
Pinch Hitting: LHB Gabe Velez
|
0-0: Called Strike 0-1: Foul Ball, location: 2F 0-2: Ball 1-2: Foul Ball, location: 2F 1-2: SINGLE (Groundball, 56, EV 98.8 MPH)
|
Batting: RHB Chris King
|
0-0: Foul Ball, location: 2F 0-1: Ball 1-1: Called Strike 1-2: Ball 2-2: Ball 3-2: Strikes out swinging
|
Batting: RHB Drew Duncan
|
0-0: Foul Ball, location: 2F 0-1: Ball 1-1: Ball 2-1: Swinging Strike 2-2: Strikes out swinging
|
Top of the 8th over - 0 runs, 1 hit, 0 errors, 1 left on base; Augusta 3 - Dayton 4 |
BOTTOM OF THE 8TH |
Dayton Dragons batting - Pitching for Augusta GreenJackets : RHP Ron Riley
|
Pitching: LHP Tommy McCusker
|
|
Now at 1B: Chris King
|
|
Now in RF: Gabe Velez
|
|
Batting: LHB Chris Grunwald
|
0-0: Called Strike 0-1: Foul Ball, location: 2F 0-2: Foul Ball, location: 2F 0-2: Ball 1-2: Ball 2-2: Ground out U3 (Groundball, 3, EV 90.6 MPH)
|
Batting: RHB John Galluzzo
|
0-0: Ball 1-0: Foul Ball, location: 2F 1-1: Ball 2-1: Ball 3-1: Foul Ball, location: 2F 3-2: Strikes out swinging
|
Batting: RHB Bruno André
|
0-0: Ball 1-0: DOUBLE (Line Drive, 89M, EV 98.8 MPH)
|
Batting: RHB Ben Hinman
|
0-0: Called Strike 0-1: Swinging Strike 0-2: Foul Ball, location: 2F 0-2: Ball 1-2: Ball 2-2: Strikes out swinging
|
Bottom of the 8th over - 0 runs, 1 hit, 0 errors, 1 left on base; Augusta 3 - Dayton 4 |
TOP OF THE 9TH |
Augusta GreenJackets batting - Pitching for Dayton Dragons : RHP Adam McCurdy
|
Pitching: RHP Justin Ambrose
|
|
Batting: LHB Terry Ebersole
|
0-0: Ball 1-0: Ball 2-0: Ball 3-0: Base on Balls
|
Pinch Hitting: LHB Pong-keun Koh
|
0-0: Ball 1-0: Ball 2-0: Foul Ball, location: 2F 2-1: Swinging Strike 2-2: Fielders Choice at 2nd, 1-6 (Groundball, 34S, EV 65.0 MPH)
|
Pinch Hitting: LHB John Whitman
|
0-0: Called Strike 0-1: Ball 1-1: Ball 2-1: SINGLE (Groundball, 34, EV 102.5 MPH) Pong-keun Koh to second Runner from 2nd tries for 3rd, OUT! 9-5
|
Batting: RHB Danny Gallo
|
0-0: SINGLE (Groundball, 4MD, EV 99.4 MPH) John Whitman to second
|
Batting: RHB Mike Buchanan
|
0-0: Ball 1-0: Ball 2-0: Ball 3-0: Base on Balls John Whitman to third Danny Gallo to second
|
Batting: LHB Carey Horncole
|
0-0: Ball 1-0: Foul Ball, location: 2F 1-1: Ball 2-1: Foul Ball, location: 2F 2-2: GRAND SLAM HOME RUN (Flyball, 9D, EV 96.2 MPH), Distance : 365 ft
|
Batting: LHB Gabe Velez
|
0-0: Ball 1-0: Called Strike 1-1: Ball 2-1: Ball 3-1: Base on Balls
|
Pitching: RHP Doug Elliott
|
|
Batting: RHB Chris King
|
0-0: DOUBLE (Flyball, 8RXD, EV 96.9 MPH) Gabe Velez to third
|
Batting: RHB Drew Duncan
|
0-0: Ball 1-0: Ball 2-0: Ball 3-0: Called Strike 3-1: Called Strike 3-2: Foul Ball, location: 2F 3-2: Base on Balls
|
Batting: LHB Terry Ebersole
|
0-0: Ball 1-0: Fly out, F2 (Popup, 2LF, EV 95.6 MPH)
|
Top of the 9th over - 4 runs, 4 hits, 0 errors, 3 left on base; Augusta 7 - Dayton 4 |
BOTTOM OF THE 9TH |
Dayton Dragons batting - Pitching for Augusta GreenJackets : LHP Tommy McCusker
|
Pitching: RHP Nate Heideman
|
|
Now at 2B: Juan Flores
|
|
Now at 3B: Pong-keun Koh
|
|
Now at SS: Carey Horncole
|
|
Pinch Hitting: LHB Matt Kennedy
|
0-0: Called Strike 0-1: SINGLE (Groundball, 4D, EV 109.4 MPH)
|
Pinch Hitting: LHB Andrew Hamm
|
0-0: Ball 1-0: Called Strike 1-1: Called Strike 1-2: Foul Ball, location: 2F 1-2: Strikes out swinging
|
Batting: LHB Nick Nino
|
0-0: Foul Ball, location: 2F 0-1: Fielders Choice at 2nd, 4-6 (Groundball, 4, EV 85.0 MPH)
|
Batting: LHB Leo Gomez
|
0-0: Swinging Strike 0-1: Ball 1-1: Called Strike 1-2: SINGLE (Groundball, 34D, EV 108.1 MPH) Nick Nino to second
|
Batting: SHB Kristian Kristensen
|
0-0: Ball 1-0: Ball 2-0: Foul Ball, location: 2F 2-1: Swinging Strike 2-2: Foul Ball, location: 2F 2-2: Strikes out swinging
|
Bottom of the 9th over - 0 runs, 2 hits, 0 errors, 2 left on base; Augusta 7 - Dayton 4 |
|